 Dungeon Crawl Stone Soup version 0.31-a0-803-g95b03c3367 (webtiles) character file.

Game seed: 786313550362369263

264 Dirtsage the Chopper (level 5, -1/41 HPs)
             Began as a Demonspawn Fighter on Sept 20, 2023.
             Killed by divine providence
             ... invoked by an orc priest
              (11 damage)
             ... on level 4 of the Dungeon.
             The game lasted 00:03:59 (2280 turns).

Dirtsage the Chopper (Demonspawn Fighter)           Turns: 2280, Time: 00:03:59

Health: -1/41      AC:  8    Str: 18    XL:     5   Next: 98%
Magic:  14/14      EV: 10    Int:  9    God:
Gold:   156        SH:  4    Dex: 13    Spells: 4/4 levels left

rFire   . .          .
                       - Unarmed
rCold   . . .        c - +0 buckler
rNeg    . . .        u - +1 ring mail {Will+}
rPois   .            x - +0 hat
rElec   .            i - +0 cloak
rCorr   .            (no gloves)
SInv    .            n - +0 pair of boots
Will    +....        (no amulet)
Stlth   +            v - ring of magical power
HPRegen 0.26/turn    (no ring)
MPRegen 0.14/turn

%: no passive effects
@: mighty
A: claws 1, powered by pain 1
a: no special abilities


You were on level 4 of the Dungeon.
You visited 1 branch of the dungeon, and saw 4 of its levels.

You collected 156 gold pieces.

Inventory:

Armour
 c - a +0 buckler (worn)
 i - a +0 cloak (worn)
 n - a +0 pair of boots (worn)
 u - a +1 ring mail of willpower (worn)
 x - a +0 hat (worn)
Jewellery
 v - a ring of magical power (left claw)
Scrolls
 f - 3 scrolls of teleportation {unknown}
 g - 2 scrolls of enchant weapon {unknown}
 j - a scroll of vulnerability {unknown}
 q - a scroll of torment {unknown}
 s - a scroll of amnesia {unknown}
 w - a scroll of identify {unknown}
Potions
 e - 2 potions of enlightenment {unknown}
 h - a potion of degeneration {unknown}
 k - a potion of haste {unknown}
 m - a potion of cancellation {unknown}
 r - a potion of curing {unknown}
 t - a potion of invisibility {unknown}


   Skills:
 - Level 3.0 Fighting
 - Level 3.9 Axes
 - Level 2.6 Armour
 - Level 2.6 Shields
 * Level 3.9 Unarmed Combat


You had 4 spell levels left.
You didn't know any spells.
Your spell library contained the following spells:

 Spells                   Type           Power      Damage    Failure   Level
 Hailstorm                Conj/Ice       0%         3d3       95%         3
 Summon Ice Beast         Ice/Summ       0%         N/A       100%        4
 Vhi's Electric Charge    Tloc/Air       0%         N/A       100%        4
 Arcjolt                  Conj/Air       0%         1d10      100%        5
 Simulacrum               Ice/Necr       0%         N/A       100%        6
 Maxwell's Capacitive Co  Air            0%         ∞         100%        8


Dungeon Overview and Level Annotations

Branches:
Dungeon (4/15)
 Temple: D:4-7

Altars:
Cheibriados
Gozag

Shops:
D:4 (

Annotations:
D:4 Blork the orc


Innate Abilities, Weirdness & Mutations

You have sharp fingernails.
You sometimes gain a little power by taking damage.


Message History

You scratch the orc priest but do no damage.
The orc priest is lightly wounded.
You block Blork the orc's attack. The orc priest closely misses you.
You block Blork the orc's attack.
You scratch the orc priest but do no damage.
The orc priest is lightly wounded.
Blork the orc hits you from afar with a +0 trident.
You block the orc priest's attack.
You take 3 damage, and have 37/41 hp.
You closely miss the orc priest.
The orc priest is lightly wounded.
Blork the orc hits you from afar with a +0 trident.
The orc priest mumbles some strange prayers to Beogh against you.
Beogh smites you! Blork the orc closely misses you.
You take 14 damage, and have 23/41 hp.
MASSIVE DAMAGE!!
You scratch the orc priest.
The orc priest is lightly wounded.
You block Blork the orc's attack. The orc priest barely misses you.
You scratch the orc priest.
The orc priest is moderately wounded.
Blork the orc hits you from afar with a +0 trident.
The orc priest begins to cast a cantrip, but forgets the words!
Blork the orc hits you from afar with a +0 trident.
You take 5 damage, and have 18/41 hp.
You feel very mighty all of a sudden. You block Blork the orc's attack.
The orc priest hits you with a +0 club.
You take 1 damage, and have 17/41 hp.
You barely miss the orc priest.
The orc priest is moderately wounded.
Blork the orc barely misses you. The orc priest hits you with a +0 club.
You block Blork the orc's attack.
You take 3 damage, and have 14/41 hp.
You claw the orc priest!
The orc priest is almost dead.
Blork the orc screams, "I'll cover the dungeon with your blood!"
Blork the orc hits you from afar with a +0 trident.
* * * LOW HITPOINT WARNING * * *
The orc priest mumbles some strange prayers to Beogh against you.
Beogh smites you!
You die...

#.# #.# #.#
#.#
#.#########.#
#)..........#
#.###########
##.## ####...#
.......#.#####
.........@ooJ#
#.#########o.#
. .... ####


You could see Blork the orc (fast), a jelly, an orc priest and an orc.

Vanquished Creatures
  Terence (D:3)
  An iguana (D:4)
  2 orc wizards (D:3)
  3 gnolls (D:4)
  7 adders
  A worm (D:2)
  A dart slug (D:3)
  5 orcs
  5 ball pythons
  8 endoplasms
  3 giant cockroaches
  7 goblins
  5 hobgoblins
  2 quokkas
  5 bats
  3 frilled lizards
  7 kobolds
  3 rats
69 creatures vanquished.

Notes
Turn   | Place    | Note
-------+----------+-------------------------------------------
     0 | D:1      | Dirtsage the Demonspawn Fighter began the quest for the
                  | Orb.
     0 | D:1      | Reached XP level 1. HP: 18/18 MP: 1/1
   173 | D:1      | Gained mutation: You sometimes gain a little power by
                  | taking damage. [demonic ancestry]
   173 | D:1      | Reached XP level 2. HP: 24/24 MP: 2/2
   647 | D:2      | Reached XP level 3. HP: 29/29 MP: 3/3
  1127 | D:2      | Gained mutation: You have sharp fingernails. [demonic
                  | ancestry]
  1127 | D:2      | Reached XP level 4. HP: 27/35 MP: 4/4
  1423 | D:3      | Noticed Terence
  1437 | D:3      | Killed Terence
  1438 | D:3      | Reached skill level 1 in Unarmed Combat
  1627 | D:3      | Found an opulent altar of Gozag.
  1631 | D:3      | Found a snail-covered altar of Cheibriados.
  1852 | D:3      | Reached XP level 5. HP: 28/41 MP: 5/5
  2137 | D:4      | Found Ataidgh's Weapon Shop.
  2270 | D:4      | Noticed Blork the orc
  2280 | D:4      | Killed from afar by an orc priest

Illustrated notes

Levels and vault maps discovered:
D:1:      dpeg_arrival_concentric_ovals, layout_loops_ring
D:2:      layout_basic, basic_altar
D:3:      layout_rooms, jmf_multi_god_temple, minmay_misc_feat_alley,
          uniq_terence
D:4:      layout_loops_ring, vehumet_altar_wand_db, led_xom_imps, serial_shops,
          shop, solitary_fountain, nicolae_stop_n_shop_2, uniq_blork_the_orc

Skill      XL: |  1  2  3  4  5 |
---------------+----------------+-----
Axes           | 2 3 |  3.9
Unarmed Combat | 2 3 |  3.9
Fighting       | |  3.0
Armour         | |  2.6
Shields        | |  2.6

Action                     |  1- 3 |  4- 6 || total
---------------------------+-------+-------++-------
  Melee: War axe           |    99 |    54 ||   153
         Unarmed           |       |    52 ||    52
    Use: Potion            |       |     1 ||     1
 Armour: Scale mail        |    69 |       ||    69
         Chain mail        |    15 |    19 ||    34
         Ring mail         |       |    54 ||    54
  Dodge: Dodged            |    41 |    42 ||    83
  Block: Buckler           |    20 |    26 ||    46

Table legend: (Time is in decaauts)
 A = Elapsed time spent in this place.
 B = Non-inter-level travel time spent in this place.
 C = Inter-level travel time spent in this place.
 D = Time resting spent in this place.
 E = Time spent auto-exploring this place.
 F = Levels seen in this place.
 G = Mean time per level.
                   A        B        C        D        E       F      G
               +--------+--------+--------+--------+--------+-----+--------+
         Total |   2334 |   2293 |     41 |      0 |   1808 |   4 |  583.5 |
       Dungeon |   2334 |   2293 |     41 |      0 |   1808 |   4 |  583.5 |
               +--------+--------+--------+--------+--------+-----+--------+

Top non-repeatable levels by time:
     D:2: 785 daAuts
     D:3: 750 daAuts
     D:1: 654 daAuts
     D:4: 143 daAuts
